 Dungeon Crawl Stone Soup version 0.30-a0-122-g2a13224 (webtiles) character file.

Game seed: 3734056014532554703

210 Nithhogg the Chopper (level 5, 0/47 HPs)
             Began as a Hill Orc Fighter on Sept 16, 2022.
             Slain by an iguana (7 damage)
             ... on level 4 of the Dungeon.
             The game lasted 00:04:06 (2729 turns).

Nithhogg the Chopper (Hill Orc Fighter)             Turns: 2729, Time: 00:04:07

Health: 0/47       AC:  7    Str: 21    XL:     5   Next: 87%
Magic:  5/5        EV: 10    Int:  8    God:
Gold:   132        SH:  0    Dex: 10    Spells: 4/4 levels left

rFire   . . .      SeeInvis .    h - +3 short sword (flame)
rCold   . . .      Faith    .    (no shield)
rNeg    . . .      Spirit   .    b - +0 scale mail
rPois   .          Reflect  .    (no helmet)
rElec   .          Harm     .    (no cloak)
rCorr   .          Rampage  .    (no gloves)
Will    .....                    (no boots)
Stlth   ..........               (no amulet)
HPRegen 0.15/turn                (no ring)
MPRegen 0.09/turn                (no ring)

@: no status effects
A: no striking features
a: no special abilities


You were on level 4 of the Dungeon.
You visited 1 branch of the dungeon, and saw 4 of its levels.

You collected 132 gold pieces.

Inventory:

Hand Weapons
 a - a +0 war axe
 h - a +3 short sword of flaming (weapon)
Armour
 b - a +0 scale mail (worn)
 c - a +0 buckler
Jewellery
 p - a ring of poison resistance
Wands
 q - a wand of flame (30)
Scrolls
 g - a scroll of immolation {unknown}
 i - 2 scrolls of identify {unknown}
 j - a scroll of noise {unknown}
 k - a scroll of enchant weapon {unknown}
 l - a scroll of teleportation {unknown}
 m - a scroll of fear {unknown}
 n - a scroll of blinking {unknown}
 o - a scroll of vulnerability {unknown}
 t - a scroll of amnesia {unknown}
Potions
 d - a potion of might
 e - a potion of brilliance {unknown}
 r - a potion of heal wounds {unknown}
 s - a potion of ambrosia {unknown}
 u - a potion of degeneration {unknown}


   Skills:
 + Level 4.7 Fighting
 * Level 5.3 Axes
 + Level 4.2 Armour
 + Level 1.7 Dodging
 - Level 3.2 Shields


You had 4 spell levels left.
You didn't know any spells.
Your spell library contained the following spells:

 Spells                   Type           Power      Damage    Failure   Level
 Freeze                   Ice            0%         1d3       75%         1
 Blink                    Tloc           0%         N/A       86%         2
 Sublimation of Blood     Necr           0%         N/A       86%         2
 Wereblood                Tmut           0%         N/A       86%         2
 Frozen Ramparts          Ice            0%         1d1       98%         3
 Lesser Beckoning         Tloc           0%         N/A       98%         3
 Hailstorm                Conj/Ice       0%         3d3       100%        4
 Manifold Assault         Tloc           0%         N/A       100%        4
 Summon Hydra             Summ           0%         N/A       100%        7


Dungeon Overview and Level Annotations

Branches:
Dungeon (4/15)
 Temple: D:4-7

Altars:
Fedhas
Beogh

Shops:
D:2 [


Message History

An orc comes into view. It is wielding a +0 whip.
The orc shouts!
The orc attacks as you move away! The orc hits you with a +0 whip.
* * * LOW HITPOINT WARNING * * *
The frilled lizard attacks as you move away!
The frilled lizard bites you but does no damage.
The orc misses you. The orc attacks as you move away!
The orc hits you with a +0 whip.
* * * LOW HITPOINT WARNING * * *
The orc attacks as you move away! The orc barely misses you.
The orc attacks as you move away! The orc hits you with a +0 whip.
* * * LOW HITPOINT WARNING * * *
The orc throws a stone.
The stone closely misses you.
There is an escape hatch in the floor here.
(D) Dungeon
Where to? (Enter - D:3, ? - help)
There are monsters nearby!
The orc throws a stone.
The stone hits you but does no damage.
You slide downwards.
The hatch slams shut behind you.
You start resting.
An orc comes into view. It is wielding a +0 short sword.
Found a club.
Found a book of Frost.
Found a whip.
You pick up a book of Frost and begin reading...
You add the spells Freeze, Frozen Ramparts and Hailstorm to your library.
Found a stone staircase leading down.
Found a potion of curing.
An iguana comes into view.
Found a short sword.
The iguana closely misses you. The iguana attacks as you move away!
The iguana completely misses you. The iguana attacks as you move away!
The iguana bites you.
* * * LOW HITPOINT WARNING * * *
The iguana attacks as you move away!
The iguana bites you but does no damage.
You see here a potion of curing.
The iguana attacks as you move away! The iguana closely misses you.
You barely miss the iguana. The iguana barely misses you.
You completely miss the iguana. The iguana bites you!
You die...

###.......###...
.>..............
######.#######. ###.#
.. #...# .#
###.###..# #
###.......#
...######.....)......
.......@l....##...###
...########### .###
.. .. ###


You could see an iguana.

Vanquished Creatures
  Crazy Yiuf (D:2)
  An orc wizard (D:3)
  Robin (D:3)
  An adder (D:3)
  2 gnolls (D:3)
  2 worms (D:2)
  8 dart slugs
  7 orcs (D:3)
  5 endoplasms
  6 giant cockroaches
  10 goblins (D:3)
  8 hobgoblins
  6 jackals (D:1)
  A quokka (D:2)
  6 ball pythons
  3 bats
  A frilled lizard (D:2)
  9 kobolds
  4 rats
82 creatures vanquished.

Vanquished Creatures (others)
  8 fungi
  3 plants (D:3)
11 creatures vanquished.

Grand Total: 93 creatures vanquished

Notes
Turn   | Place    | Note
-------+----------+-------------------------------------------
     0 | D:1      | Nithhogg the Hill Orc Fighter began the quest for the Orb.
     0 | D:1      | Reached XP level 1. HP: 19/19 MP: 1/1
   156 | D:1      | Reached skill level 3 in Axes
   163 | D:1      | Reached XP level 2. HP: 27/27 MP: 2/2
   565 | D:1      | Reached XP level 3. HP: 30/33 MP: 3/3
   728 | D:1      | Found a roughly hewn altar of Beogh.
   784 | D:1      | Found a faded altar of an unknown god.
  1195 | D:2      | Reached skill level 1 in Dodging
  1238 | D:2      | Reached skill level 4 in Axes
  1429 | D:2      | Reached XP level 4. HP: 40/40 MP: 4/4
  1468 | D:2      | Found Yteqist's Antique Armour Shop.
  1708 | D:2      | Found a runed translucent door.
  1709 | D:2      | Noticed Crazy Yiuf
  1717 | D:2      | Killed Crazy Yiuf
  2085 | D:3      | Found a blossoming altar of Fedhas.
  2232 | D:3      | Reached XP level 5. HP: 43/47 MP: 5/5
  2270 | D:3      | Noticed Robin
  2286 | D:3      | Killed Robin
  2303 | D:3      | Reached skill level 5 in Axes
  2729 | D:4      | Slain by an iguana

Illustrated notes

Levels and vault maps discovered:
D:1:      lemuel_arrival_hallway, layout_basic,
          hellmonk_ecumenical_altar_defaced_shrine
D:2:      layout_rooms, serial_shops, shop, nicolae_figureground_pulse,
          uniq_crazy_yiuf_cottage
D:3:      layout_basic, fedhas_altar_3, uniq_robin
D:4:      layout_rooms

Skill      XL: |  1  2  3  4  5 |
---------------+----------------+-----
Axes           | 3 4 5 |  5.3
Fighting       | 4 |  4.7
Dodging        | 1 |  1.7
Armour         | 4 |  4.2
Shields        | |  3.2

Action                   |  1- 3 |  4- 6 || total
-------------------------+-------+-------++-------
Melee: War axe           |    56 |       ||    56
       Punch             |     1 |     1 ||     2
       Short sword       |    37 |   116 ||   153
  Use: Potion            |       |     5 ||     5
Armor: Scale mail        |    40 |    86 ||   126
Dodge: Dodged            |    51 |   109 ||   160

Table legend: (Time is in decaauts)
 A = Elapsed time spent in this place.
 B = Non-inter-level travel time spent in this place.
 C = Inter-level travel time spent in this place.
 D = Time resting spent in this place.
 E = Time spent auto-exploring this place.
 F = Levels seen in this place.
 G = Mean time per level.
                   A        B        C        D        E       F      G
               +--------+--------+--------+--------+--------+-----+--------+
         Total |   2747 |   2692 |     55 |     12 |   2156 |   4 |  686.8 |
       Dungeon |   2747 |   2692 |     55 |     12 |   2156 |   4 |  686.8 |
               +--------+--------+--------+--------+--------+-----+--------+

Top non-repeatable levels by time:
     D:1: 1027 daAuts
     D:2: 1008 daAuts
     D:3: 672 daAuts
     D:4: 37 daAuts
